 Dungeon Crawl Stone Soup version 0.25-b1-37-g2669288c55 (webtiles) character file.

Game seed: 8151865148119166821

332 sentinel the Skirmisher (level 6, -1/39 HPs)
             Began as a Gargoyle Fighter on June 5, 2020.
             Killed by nerve-wracking pain
             ... invoked by an orc priest
              (2 damage)
             ... on level 4 of the Dungeon.
             The game lasted 00:01:56 (2474 turns).

sentinel the Skirmisher (Gargoyle Fighter)          Turns: 2474, Time: 00:01:56

Health: -1/39      AC: 14    Str: 22    XL:     6   Next: 52%
Magic:  6/6        EV:  8    Int:  8    God:
Gold:   92         SH:  9    Dex:  9    Spells: 5/5 levels left

rFire    . . .     SeeInvis .   a - +0 war axe
rCold    + . .     Gourm    .   c - +0 kite shield
rNeg     + . .     Faith    .   k - +2 ring mail {rC+}
rPois    ∞         Spirit   .   i - +0 helmet
rElec    +         Reflect  .   (no cloak)
rCorr    .         Harm     .   (no gloves)
MR       +....                  p - +0 pair of boots
Stlth    ..........             (no amulet)
HPRegen  0.13/turn              m - ring of protection from magic
MPRegen  0.10/turn              (no ring)

@: no status effects
A: negative energy resistance 1, electricity resistance, unbreathing,
petrification resistance, rot immunity, AC +4
a: no special abilities


You were on level 4 of the Dungeon.
You were not hungry.

You visited 1 branch of the dungeon, and saw 4 of its levels.

You collected 92 gold pieces.

Inventory:

Hand Weapons
 a - a +0 war axe (weapon)
Armour
 c - a +0 kite shield (worn)
 i - a +0 helmet (worn)
 k - a +2 ring mail of cold resistance (worn)
 p - a +0 pair of boots (worn)
Jewellery
 m - a ring of protection from magic (left hand)
Wands
 I - a wand of iceblast (5)
Scrolls
 h - a scroll of enchant armour {unknown}
 l - a scroll of enchant weapon {unknown}
 o - a scroll of identify {unknown}
 r - a scroll of magic mapping {unknown}
Potions
 d - a potion of might
 j - 2 potions of mutation {unknown}
 n - a potion of degeneration {unknown}
Miscellaneous
 U - a phial of floods
Comestibles
 b - a chunk of flesh
 e - 10 rations


   Skills:
 + Level 4.5 Fighting
 * Level 4.0 Axes
 + Level 4.3 Armour
 + Level 4.5 Shields
 + Level 0.3 Evocations


You had 5 spell levels left.
You didn't know any spells.
Your spell library was empty.

Dungeon Overview and Level Annotations

Branches:
Dungeon (4/15)
 Temple: D:4-7

Altars:
Gozag


Innate Abilities, Weirdness & Mutations

You are resistant to torment.
Your stone body is resilient. (AC +4)
You are immune to poison.
You resist negative energy. (rN+)
You are resistant to electric shocks. (rElec)
You can survive without breathing.
You are immune to petrification.
You are immune to rotting.


Message History

The crimson imp is too close now for your liking.
The crimson imp summons a swarm of flies.
A crimson imp is nearby!
A crimson imp is nearby!
You barely miss the crimson imp.
The crimson imp blinks!
A crimson imp is nearby!
The crimson imp hits you but does no damage.
Your shield and ring mail prevent you from hitting the crimson imp.
You block the crimson imp's attack.
The crimson imp hits you but does no damage.
A crimson imp is nearby!
You closely miss the crimson imp.
The crimson imp hits you but does no damage.
You slash the crimson imp! You block the crimson imp's attack.
A crimson imp is nearby!
You hit the crimson imp.
You kill the crimson imp!
No target in view!
Eating a chunk of flesh.
You eat the chunk of flesh.
There is an open translucent gate here.
You butcher the rat corpse.
b - a chunk of flesh You see here a rat skeleton. x2
There is an open translucent gate here.
You now have 92 gold pieces (gained 10).
Done exploring.
No target in view!
No target in view!
Done exploring.
No target in view!
No target in view!
Done exploring.
No target in view!
No target in view!
Done exploring.
No target in view!
No target in view!
Done exploring.
No target in view!
No target in view!
Done exploring.
No target in view!
No target in view!
Done exploring.
No target in view!
No target in view!
Done exploring.
No target in view!
No target in view!
Done exploring.
No target in view!
No target in view!
Done exploring.
No target in view!
No target in view!
Done exploring.
No target in view!
No target in view!
Done exploring.
No target in view!
No target in view!
Done exploring.
No target in view!
Done exploring.
Done exploring.
Unknown command.
(D) Dungeon
Where to? (Enter - D:3, ? - help)
There is an open translucent gate here.
You see here a rat skeleton.
You see here a +0 dagger.
There is a stone staircase leading down here.
You climb downwards.
Found 2 scrolls labeled BYESO RUIRIT.
There is a stone staircase leading up here.
No target in view!
An orc priest comes into view. It is wielding a +0 flail.
The orc priest shouts!
You hear a shout! x2
An orc comes into view. It is wielding a +0 mace.
The orc shouts!
An orc warrior comes into view. It is wielding a -1 short sword.
An orc priest comes into view.
There are monsters nearby!
A worm comes into view.
The orc priest shouts!
An orc priest comes into view. It is wielding a +0 vorpal flail.
You block the orc priest's attack.
You slash the orc priest!
The orc priest looks encouraged for a moment.
There are monsters nearby!
You closely miss the orc priest. You block the orc priest's attack.
You barely miss the orc priest.
There are monsters nearby!
You completely miss the orc warrior. You hit the orc.
The orc hits you with a +0 mace.
The orc priest calls upon Beogh to heal the orc.
The orc's wounds heal themselves!
The orc warrior hits you with a cursed -1 short sword.
The orc priest calls upon Beogh to heal the orc priest.
The orc priest is healed somewhat.
The orc barely misses you.
You hit the orc warrior. You slash the orc priest! You barely miss the orc.
The orc priest looks braver for a moment.
You block the orc priest's attack. You block the orc's attack.
The orc warrior hits you with a cursed -1 short sword!
There are monsters nearby!
You hit the orc priest but do no damage.
Your shield prevents you from hitting the orc warrior.
You closely miss the orc. You hit the orc priest.
The orc priest hits you but does no damage.
You block the orc's attack. The orc warrior barely misses you.
The orc priest hits you with a +0 vorpal flail.
You hit the orc priest but do no damage.
You slash the orc priest! You hit the orc.
You hit the orc warrior but do no damage.
The orc warrior hits you but does no damage.
You block the orc's attack.
The orc priest begins to cast a cantrip, but forgets the words!
The orc priest hits you but does no damage.
There are monsters nearby!
You hit the orc priest.
You kill the orc priest!
You hit the orc priest. x2; You closely miss the orc warrior.
You barely miss the orc. The orc warrior misses you.
The orc hits you with a +0 mace. The orc priest closely misses you.
The orc priest invokes the aid of Beogh against you.
Beogh smites you!
* * * LOW HITPOINT WARNING * * *
The orc warrior hits you but does no damage.
Unknown command.
Unknown command.
You feel better.
The orc priest calls upon Beogh to heal the orc priest.
The orc priest is healed somewhat.
The orc hits you but does no damage.
The orc priest calls down the wrath of Beogh upon you.
You resist with some effort.
The orc warrior hits you but does no damage.
Aim: a worm That beam is likely to hit you.
Continue anyway?
The mass of ice explodes!
The iceblast engulfs the worm!
The iceblast engulfs the orc priest!!
You kill the orc priest!
Your Axes skill increases to level 4!
The iceblast engulfs the orc priest!
The iceblast engulfs the orc!
You kill the orc!
The iceblast engulfs you! You partially resist.
* * * LOW HITPOINT WARNING * * *
The iceblast engulfs the orc warrior.
The orc priest invokes the aid of Beogh against you.
Pain shoots through your body!
You die...

#..# .. .. #..#
..8 ... #..# #...
....####..# #....
......#.<.##.....
..?.......#...#
....?........#
............##
........†@o.#
........ow)##
.............
......####.....
....## ......#
.## #...### ..##
...


You could see an orc warrior, a worm and an orc priest.

Vanquished Creatures
  The ghost of kathalu the Chopper, an amateur MiBe of Trog (D:3)
  A crimson imp (D:3)
  A hound (D:2)
  2 orc priests (D:4)
  An adder (D:1)
  4 oozes
  3 worms (D:2)
  3 dart slugs
  2 leopard geckos
  An orc (D:4)
  A ball python (D:2)
  3 giant cockroaches
  7 goblins
  13 hobgoblins
  4 jackals
  8 bats
  9 frilled lizards
  10 kobolds
  5 rats
79 creatures vanquished.

Notes
Turn   | Place    | Note
-------+----------+-------------------------------------------
     0 | D:1      | sentinel the Gargoyle Fighter began the quest for the Orb.
     0 | D:1      | Reached XP level 1. HP: 14/14 MP: 1/1
    33 | D:1      | Reached XP level 2. HP: 18/19 MP: 2/2
   231 | D:1      | Reached XP level 3. HP: 23/23 MP: 3/3
   739 | D:2      | Reached XP level 4. HP: 29/29 MP: 4/4
  1282 | D:2      | Reached XP level 5. HP: 33/33 MP: 5/5
  1371 | D:2      | Found an opulent altar of Gozag.
  2117 | D:3      | Found a faded altar of an unknown god.
  2238 | D:3      | Found a runed translucent gate.
  2246 | D:3      | Found a runed translucent gate.
  2248 | D:3      | Found a runed translucent gate.
  2250 | D:3      | Noticed kathalu's ghost (amateur MiBe)
  2330 | D:3      | Killed kathalu's ghost
  2330 | D:3      | Reached XP level 6. HP: 32/39 MP: 6/6
  2462 | D:4      | Noticed an orc warrior
  2474 | D:4      | HP: 1/39 [shot self (13)]
  2474 | D:4      | Killed from afar by an orc priest

Illustrated notes

Levels and vault maps discovered:
D:1:      dpeg_arrival_solitude, layout_loops_ring
D:2:      layout_rooms, marbit_many_paths, first_ration
D:3:      layout_basic, gammafunk_ghost_split, chequers_ecumenical_altar_simple
D:4:      layout_layer_cave, tso_oasis_becter, eat_drink_and_be_merry_uskayaw,
          minmay_temple_entry_arrows, kennysheep_generic_room_2

Skill      XL: |  1  2  3  4  5  6 |
---------------+-------------------+-----
Axes           | 2 3 4 |  4.0
Fighting       | 4 |  4.5
Shields        | 4 |  4.5
Armour         | 4 |  4.3
Evocations     | |  0.3

Action                   |  1- 3 |  4- 6 || total
-------------------------+-------+-------++-------
Melee: War axe           |    95 |   176 ||   271
Evoke: Wand              |       |     7 ||     7
  Use: Scroll            |     1 |     2 ||     3
       Potion            |       |     3 ||     3
  Eat: Chunk             |       |     6 ||     6
Armor: Ring mail         |    40 |   113 ||   153
Dodge: Dodged            |    35 |    72 ||   107
Block: Kite shield       |    48 |   105 ||   153
